 Dungeon Crawl Stone Soup version 0.26.0-10-g1f06aea511 (webtiles) character file.

Game seed: 3908535423137233633

107 gruber the Covert (level 4, -3/19 (21) HPs)
             Began as a Spriggan Enchanter on Jan 14, 2021.
             Killed by nerve-wracking pain
             ... invoked by Jessica
              (9 damage)
             ... on level 3 of the Dungeon.
             The game lasted 00:03:51 (2647 turns).

gruber the Covert (Spriggan Enchanter)              Turns: 2647, Time: 00:03:51

HP:   -3/19 (21)    AC:  2    Str:  4    XL:     4   Next: 57%
MP:   2/9           EV: 18    Int: 17    God:
Gold: 49            SH:  0    Dex: 16    Spells: 2/8 levels left

rFire    . . .     SeeInvis +   g - +4 short sword
rCold    . . .     Faith    .   (shield restricted)
rNeg     . . .     Spirit   .   b - +0 robe
rPois    .         Reflect  .   (helmet restricted)
rElec    .         Harm     .   (no cloak)
rCorr    .         Rampage  .   (gloves unavailable)
Will     .....                  (boots unavailable)
Stlth    ++++......             (no amulet)
HPRegen  0.06/turn              (no ring)
MPRegen  0.11/turn              (no ring)

@: drained, very quick
A: very small, unfitting armour, see invisible, speed 3
a: no special abilities


You were on level 3 of the Dungeon.
You visited 1 branch of the dungeon, and saw 3 of its levels.

You collected 49 gold pieces.

Inventory:

Hand Weapons
 f - a +0 dagger of freezing
 g - a +4 short sword (weapon)
Missiles
 d - 16 poisoned darts (quivered)
Armour
 b - a +0 robe (worn)
Jewellery
 a - an uncursed ring of ice
Scrolls
 c - 3 scrolls of enchant weapon {unknown}
 e - 4 scrolls of identify {unknown}
 h - a scroll of blinking {unknown}
 i - a scroll of magic mapping {unknown}
 j - a scroll of remove curse {unknown}


   Skills:
 - Level 1.1 Short Blades
 - Level 1.0 Throwing
 - Level 3.0 Dodging
 + Level 8.0 Stealth
 - Level 2.6 Spellcasting
 - Level 3.6 Hexes
 + Level 0.1 Ice Magic


You had 2 spell levels left.
You knew the following spells:

 Your Spells              Type           Power        Failure   Level
a - Corona                Hex            15%          4%          1
b - Ensorcelled Hibernat  Hex/Ice        16%          13%         2
c - Confusing Touch       Hex            14%          12%         3

Your spell library contained the following spells:

 Spells                   Type           Power        Failure   Level
 Tukima's Dance           Hex            14%          12%         3
 Dazzling Flash           Conj/Hex       16%          26%         3


Dungeon Overview and Level Annotations

Branches:
Dungeon (3/15)

Altars:
Nemelex Xobeh
Uskayaw

Annotations:
D:3 Jessica


Innate Abilities, Weirdness & Mutations

You are very small and have problems with some larger weapons.
You are too small for most types of armour.
You have supernaturally acute eyesight. (SInv)
You cover ground extremely quickly.


Message History

You hit Jessica but do no damage.
Jessica says, "I'm really upset."
Jessica hits you but does no damage.
You barely miss Jessica. Jessica hits you but does no damage.
Jessica completely misses you.
You hit Jessica.
Jessica is heavily wounded.
Jessica closely misses you.
You hit Jessica but do no damage.
Jessica is heavily wounded.
Jessica hits you but does no damage.
You barely miss Jessica.
Jessica is heavily wounded.
Jessica hits you but does no damage. Jessica misses you.
You barely miss Jessica.
Jessica is heavily wounded.
Jessica stops glowing.
Jessica casts a spell at you. Pain shoots through your body!
You die...

##...##
##.....## .
##.......# ..
#.[.....# ...
#......#....
#........._
##!..##....
##†## . #@#####
#@..[.#
#..............
#.#####..###+##
####


You could see Jessica (fast).

Vanquished Creatures
  3 adders (D:2)
  3 worms (D:2)
  A dart slug (D:1)
  5 leopard geckos
  3 giant cockroaches
  10 goblins
  3 hobgoblins
  8 jackals
  3 quokkas (D:2)
  10 bats
  2 frilled lizards (D:1)
  7 kobolds
  3 rats
61 creatures vanquished.

Notes
Turn   | Place    | Note
-------+----------+-------------------------------------------
     0 | D:1      | gruber the Spriggan Enchanter began the quest for the Orb.
     0 | D:1      | Reached XP level 1. HP: 9/9 MP: 5/5
   291 | D:1      | Reached skill level 5 in Stealth
   669 | D:1      | Reached XP level 2. HP: 13/13 MP: 6/6
   677 | D:1      | Learned a level 2 spell: Ensorcelled Hibernation
   797 | D:1      | Reached skill level 1 in Throwing
  1207 | D:1      | Reached skill level 6 in Stealth
  1385 | D:1      | Reached XP level 3. HP: 16/16 MP: 8/8
  1519 | D:2      | Found a faded altar of an unknown god.
  1621 | D:2      | Reached skill level 7 in Stealth
  1842 | D:2      | Reached XP level 4. HP: 21/21 MP: 9/9
  2265 | D:2      | Found a hide-covered altar of Uskayaw.
  2405 | D:3      | Reached skill level 8 in Stealth
  2416 | D:2      | Learned a level 3 spell: Confusing Touch
  2618 | D:3      | Found a sparkling altar of Nemelex Xobeh.
  2620 | D:3      | Noticed Jessica
  2647 | D:3      | Killed from afar by Jessica

Illustrated notes

Levels and vault maps discovered:
D:1:      dpeg_arrival_yet_another_circle, layout_basic
D:2:      layout_basic, marbit_many_paths, chequers_ecumenical_altar_twisty
D:3:      layout_loops_ring, lemuel_round_altar,
          nicolae_dithmenos_shadow_blocks, lightli_corner_chamber, uniq_terence,
          uniq_jessica

Skill      XL: |  1  2  3  4 |
---------------+-------------+-----
Stealth        | 5 6 7 8 |  8.0
Throwing       | 1 |  1.0
Short Blades   | |  1.1
Dodging        | |  3.0
Spellcasting   | |  2.6
Hexes          | |  3.6
Ice Magic      | |  0.1

Action                   |  1- 3 |  4- 6 || total
-------------------------+-------+-------++-------
Melee: Dagger            |    32 |       ||    32
       Short sword       |    54 |    75 ||   129
Throw: Dart              |    26 |       ||    26
 Cast: Corona            |     5 |     2 ||     7
       Ensorcelled Hiber |     3 |     5 ||     8
 Stab: Sleeping          |    13 |     4 ||    17
Armor: Robe              |    12 |    12 ||    24
Dodge: Dodged            |    85 |    73 ||   158
